 Dungeon Crawl Stone Soup version 0.28.0-47-ge53b351184 (webtiles) character file.

Game seed: 9969792754736532750

5033 firemarshallily the Thaumaturge (level 10, -1/77 HPs)
             Began as a Djinni Conjurer on May 4, 2022.
             Was a High Priest of Okawaru.
             Slain by an eight-headed hydra (13 damage)
             ... on level 9 of the Dungeon.
             The game lasted 00:54:57 (11764 turns).

firemarshallily the Thaumaturge (Djinni Conjurer)  Turns: 11764, Time: 00:54:58

Health: -1/77      AC:  6    Str:  6    XL:     10   Next: 85%
Gold:   463        EV: 12    Int: 24    God:    Okawaru [*****.] SH:  0 Dex: 18

rFire   + + +      SeeInvis .   k - +7 great mace "Firestarter" {inner flame, rF++}
rCold   . . .      Faith    .   (shield currently unavailable)
rNeg    . . .      Spirit   .   K - +2 robe {rC+ rF+}
rPois   ∞          Reflect  .   (no helmet)
rElec   .          Harm     .   x - +0 cloak
rCorr   .          Rampage  .   F - +0 pair of gloves
Will    +....                   (boots unavailable)
Stlth   ++........              (no amulet)
HPRegen 0.22/turn               e - +6 ring of dexterity
MPRegen 0.00/turn               E - ring of protection from fire

@: flying
A: sickness immunity, fire resistance 2, cold vulnerability 1, float, innate
caster, HP casting, extra vitality 1
a: Renounce Religion, Heroism, Finesse, Duel


You were on level 9 of the Dungeon.
You worshipped Okawaru.
Okawaru was extremely pleased with you.
You visited 1 branch of the dungeon, and saw 9 of its levels.
You also visited: Ossuary.

You collected 463 gold pieces.

Inventory:

Hand Weapons
 k - the +7 great mace "Firestarter" (weapon) {inner flame, rF++}
   (You found it on level 2 of the Dungeon)

   It burns those it strikes, dealing additional fire damage.
   It fills those it strikes with an explosive inner flame.
   It grants immunity to clouds of flame.
   rF:        It greatly protects you from fire.
 v - the +7 staff of the Meek {protect, meekguard}
   (You found it on level 4 of the Dungeon)

   It grants its wielder temporary protection when it strikes (+7 to AC).
   It provides extra protection to wielders with little health.
Missiles
 b - 134 stones
 f - 4 curare-tipped darts
 h - 8 poisoned darts
 u - 8 boomerangs
 A - 5 silver javelins
 B - 4 javelins
Armour
 m - the +1 chain mail of the Cockatrice {rC++ Int+2}
   (You found it on level 4 of the Dungeon)

   Int:       It affects your intelligence (+2).
   rC:        It greatly protects you from cold.
 q - a +0 buckler
 x - a +0 cloak (worn)
 F - a +0 pair of gloves (worn)
 G - +0 steam dragon scales
 K - a +2 robe of resistance (worn)
Jewellery
 e - a +6 ring of dexterity (left hand)
 j - an amulet of faith
 E - a ring of protection from fire (right hand)
Wands
 d - a wand of flame (66)
 n - a wand of polymorph (25)
 o - a wand of paralysis (7)
Scrolls
 a - a scroll of identify
 l - 5 scrolls of fog
 p - a scroll of summoning {unknown}
 r - 5 scrolls of enchant weapon
 t - 2 scrolls of enchant armour {unknown}
 w - a scroll of fear {unknown}
 y - a scroll of holy word
 I - 3 scrolls of blinking
 J - a scroll of teleportation
 L - a scroll of amnesia {unknown}
Potions
 c - 5 potions of lignification
 g - 2 potions of resistance {unknown}
 i - 2 potions of heal wounds
 s - 5 potions of might {unknown}
 z - a potion of haste
 C - a potion of brilliance {unknown}
 D - a potion of curing
 H - a potion of attraction {unknown}


   Skills:
 + Level 8.4 Fighting
 - Level 2.1 Dodging
 - Level 2.0 Stealth
 * Level 10.4 Spellcasting


You had 5 spell levels left.
You knew the following spells:

 Your Spells              Type           Power      Damage    Failure   Level
a - Magic Dart            Conj           100%       1d8       1%          1
b - Searing Ray           Conj           100%       2d8       1%          2
c - Dazzling Flash        Conj/Hex       100%       N/A       1%          3
d - Fulminant Prism       Conj/Hex       29%        3d14      1%          4
e - Iskenderun's Mystic   Conj/Tloc      58%        2d12      1%          4
f - Sandblast             Erth           100%       2d20      1%          1
g - Static Discharge      Conj/Air       58%        N/A       1%          2
h - Teleport Other        Tloc           58%        N/A       1%          3
i - Dispel Undead         Necr           58%        3d21      1%          4
Your spell library was empty.

Dungeon Overview and Level Annotations

Branches:
Dungeon (9/15)             Temple (0/1) D:6            Lair (0/6) D:8
Ossuary (visited)
    Orc: D:9-12

Altars:
Hepliaklqana
Okawaru
Beogh

Shops:
D:7 (

Annotations:
D:5 2 transporters


Innate Abilities, Weirdness & Mutations

You are immune to sickness and miasma.
You are immune to poison.
Your flesh is very heat resistant. (rF++)
You are vulnerable to cold. (rC-)
You float through the air rather than walking.
You learn spells naturally, not from books.
Your magical power is your life essence.
You have superior vitality. (+4 MHP)


Message History

There is a stone staircase leading up here.
Done exploring.
There is a stone staircase leading up here.
Things that are here:
a +0 dagger; a +0 robe; a +0 club
There is a stone staircase leading down here.
You fly downwards.
You hear the roar of battle.
There is an entrance to a bailey on this level.
Hurry and find it before the portal closes forever!
Found 14 stones.
There is a stone staircase leading up here.
Casting: Sandblast (safe; 1% risk of failure)
Confirm with . or Enter, or press ? or * to list all spells.
Aiming: Teleport Other (safe; 1% risk of failure)
Press: ? - help, Shift-Dir - straight line, f - eight-headed hydra
Aim: an eight-headed hydra (asleep, chance to affect: 52%)
The eight-headed hydra roars!
The eight-headed hydra resists with significant effort.
The eight-headed hydra bites you. The eight-headed hydra bites you!
The eight-headed hydra barely misses you.
The eight-headed hydra bites you! The eight-headed hydra misses you.
The eight-headed hydra closely misses you.
The eight-headed hydra bites you.
The eight-headed hydra closely misses you.
Casting: Teleport Other (safe; 1% risk of failure)
Confirm with . or Enter, or press ? or * to list all spells.
Aiming: Teleport Other (safe; 1% risk of failure)
Press: ? - help, Shift-Dir - straight line, f/p - eight-headed hydra
Aim: an eight-headed hydra (chance to affect: 52%)
Okay, then.
The eight-headed hydra bites you but does no damage.
The eight-headed hydra bites you!
The eight-headed hydra closely misses you.
The eight-headed hydra bites you but does no damage.
The eight-headed hydra bites you!
* * * LOW HITPOINT WARNING * * *
The eight-headed hydra bites you!
* * * LOW HITPOINT WARNING * * *
The eight-headed hydra bites you!
You die...

#. #. #.
##+##..
#.##.......
#..........
#..........
#.(.......#
#.D.......#
#..@......#
#.........#
#......####
...#+#+##
.... #....
#... ....


You could see an eight-headed hydra.

Vanquished Creatures
  Maggie (D:7)
  2 komodo dragons (D:8)
  Grinder (D:3)
  A wraith (D:5)
  3 wyverns (D:8)
  Menkaure (D:4)
  2 acid dragons (D:8)
  2 water moccasins
  2 orc warriors
  A sky beast (D:4)
  A necrophage (D:6)
  3 ogres
  A centaur (D:6)
  A phantom (D:6)
  Blork the orc (D:4)
  2 bullfrogs (D:7)
  3 scorpions
  2 wyvern skeletons
  4 wights (D:8)
  2 howler monkeys
  A human zombie (Ossuary)
  Crazy Yiuf (D:4)
  A bullfrog zombie (D:5)
  2 centaur skeletons (D:7)
  5 centaur zombies
  3 orc priests
  A bullfrog skeleton (D:4)
  7 hounds
  2 jellies (D:6)
  Natasha (thrice) (D:3)
  4 iguanas
  4 orc wizards
  A killer bee zombie (D:8)
  A hound skeleton (D:4)
  5 mummies (Ossuary)
  2 howler monkey zombies (D:8)
  7 gnolls
  A howler monkey skeleton (D:6)
  8 adders
  2 white imps
  An ufetubus (D:6)
  4 worms
  3 dart slugs
  33 orcs
  4 bats
  14 endoplasms
  4 giant cockroaches
  4 gnoll zombies (Ossuary)
  9 hobgoblins
  2 jackals (D:4)
  11 kobolds
  4 quokkas
  8 ball pythons
  A frilled lizard (D:1)
  5 goblins
  A goblin zombie (Ossuary)
  An orc zombie (Ossuary)
  5 rats
211 creatures vanquished.

Vanquished Creatures (others)
  5 fungi (D:4)
5 creatures vanquished.

Grand Total: 216 creatures vanquished

Notes
Turn   | Place    | Note
-------+----------+-------------------------------------------
     0 | D:1      | firemarshallily the Djinni Conjurer began the quest for the
                  | Orb.
     0 | D:1      | Reached XP level 1. HP: 15/15 MP: 0/0
   240 | D:1      | Reached XP level 2. HP: 19/21 MP: 0/0
   684 | D:1      | Reached XP level 3. HP: 16/25 MP: 0/0
   684 | D:1      | Learned a level 1 spell: Sandblast
  1291 | D:2      | Reached skill level 4 in Spellcasting
  1563 | D:2      | Reached XP level 4. HP: 27/31 MP: 0/0
  1890 | D:2      | Reached XP level 5. HP: 32/35 MP: 0/0
  1890 | D:2      | Learned a level 2 spell: Static Discharge
  1928 | D:2      | Found the +7 great mace "Firestarter" {inner flame, rF++}
  2477 | D:2      | Found a faded altar of an unknown god.
  2484 | D:2      | Prayed at the altar of an unknown god.
  2484 | D:2      | Became a worshipper of Warmaster Okawaru
  2484 | D:2      | Reached * piety under Okawaru
  2712 | D:3      | Noticed Natasha
  2713 | D:3      | Killed Natasha
  2717 | D:3      | Noticed Grinder
  2744 | D:3      | Killed Grinder
  2745 | D:3      | Reached skill level 5 in Spellcasting
  2745 | D:3      | Reached XP level 6. HP: 12/43 MP: 0/0
  3028 | D:3      | Noticed Natasha
  3032 | D:3      | Killed Natasha
  3033 | D:3      | Reached XP level 7. HP: 40/49 MP: 0/0
  3033 | D:3      | Learned a level 3 spell: Teleport Other
  3437 | D:3      | Noticed Natasha
  3441 | D:3      | Killed Natasha
  4034 | D:4      | Reached skill level 6 in Spellcasting
  4329 | D:4      | Reached ** piety under Okawaru
  4480 | D:4      | Reached XP level 8. HP: 53/56 MP: 0/0
  4638 | D:4      | Identified the +1 chain mail of the Cockatrice {rC++ Int+2}
  4687 | D:4      | Found the +7 staff of the Meek {protect, meekguard}
  4966 | D:4      | Noticed Menkaure
  4975 | D:4      | Killed Menkaure
  5211 | D:4      | Noticed Blork the orc
  5219 | D:4      | Killed Blork the orc
  5579 | D:4      | Found a runed translucent door.
  5580 | D:4      | Noticed Crazy Yiuf
  5585 | D:4      | Killed Crazy Yiuf
  5696 | D:5      | Entered Level 5 of the Dungeon
  5701 | D:5      | Reached skill level 7 in Spellcasting
  5859 | D:5      | Noticed a wraith
  5905 | D:5      | Killed a wraith
  6130 | D:5      | Reached skill level 5 in Fighting
  6178 | D:5      | Reached *** piety under Okawaru
  6260 | D:5      | Reached XP level 9. HP: 64/65 MP: 0/0
  6260 | D:5      | Learned a level 4 spell: Dispel Undead
  6340 | D:5      | Found a transporter.
  6344 | D:5      | Found a transporter.
  6346 | D:5      | Noticed a two-headed ogre
  6353 | D:5      | Found a hazy altar of Hepliaklqana.
  6995 | D:6      | Reached skill level 8 in Spellcasting
  7424 | D:6      | Found a staircase to the Ecumenical Temple.
  7617 | D:6      | Reached **** piety under Okawaru
  8027 | D:7      | Noticed Maggie
  8034 | D:7      | Reached skill level 9 in Spellcasting
  8055 | D:6      | Reached XP level 10. HP: 19/73 MP: 0/0
  8374 | D:7      | Found Xeedasche's Antique Weapon Boutique.
  8442 | D:7      | Killed Maggie
  8512 | D:7      | Found a sand-covered staircase.
  8517 | Ossuary  | Entered an ossuary
 10374 | D:8      | Reached skill level 10 in Spellcasting
 10810 | D:8      | Noticed a komodo dragon
 10998 | D:8      | Noticed a komodo dragon
 11320 | D:8      | Found a staircase to the Lair.
 11340 | D:8      | Killed a komodo dragon
 11340 | D:8      | Reached ***** piety under Okawaru
 11540 | D:8      | Killed a komodo dragon
 11762 | D:9      | Noticed an eight-headed hydra
 11764 | D:9      | Slain by an eight-headed hydra

Illustrated notes

Levels and vault maps discovered:
D:1:      dpeg_arrival_fog, layout_basic, minmay_small_reverse_x
D:2:      layout_loops_corners, dreamdust_ecumenical_altar_hidden_monk_grotto,
          minmay_pentomino_pile
D:3:      layout_loops_ring, uniq_grinder, uniq_natasha
D:4:      layout_basic, pf_guarded_unrand_meek, uniq_blork_the_orc,
          uniq_menkaure, uniq_crazy_yiuf_cottage
D:5:      layout_gridville, gammafunk_temple_overflow_arena
D:6:      layout_loops_ring, minmay_temple_entry_water_ring
D:7:      layout_cave_pools, serial_shops, kennysheep_mini, enter_ossuary_5,
          uniq_maggie
D:8:      layout_rooms, erik_lair_dragon, serial_co_window_serial,
          co_window_of_opportunity_a, co_window_paths_a,
          co_window_of_opportunity_a, co_window_paths_a, co_window_paths_a,
          co_window_paths_a, co_window_of_opportunity_a,
          co_window_of_opportunity_b, co_window_of_opportunity_c,
          co_window_cross_4, co_window_paths_e, glass_columns_a,
          glass_columns_c, glass_columns_a
D:9:      layout_basic, enter_bailey_5, nicolae_shop_fire_sale
          [nicolae_sub_dead_trees]

Skill      XL: |  1  2  3  4  5  6  7  8  9 10 |
---------------+-------------------------------+-----
Stealth        | 2 |  2.0
Spellcasting   | 4 5 6 7 9 10 | 10.4
Fighting       | 2 3 5 6 8 |  8.4
Dodging        | |  2.1

Action                   |  1- 3 |  4- 6 |  7- 9 | 10-12 || total
-------------------------+-------+-------+-------+-------++-------
Melee: Great mace        |       |     1 |    41 |    14 ||    56
 Cast: Magic Dart        |    57 |    44 |   178 |    91 ||   370
       Sandblast         |     9 |    16 |    70 |    75 ||   170
       Searing Ray       |       |     1 |     1 |       ||     2
       Iskenderun's Myst |       |       |     2 |     8 ||    10
       Teleport Other    |       |       |     1 |     5 ||     6
       Dispel Undead     |       |       |     1 |       ||     1
  Use: Scroll            |     2 |       |     8 |     3 ||    13
       Potion            |       |       |     6 |     1 ||     7
Armor: Robe              |       |     2 |     8 |    17 ||    27
Dodge: Dodged            |     5 |       |    44 |    39 ||    88
